 Dungeon Crawl Stone Soup version 0.18.1-50-g88ac8fd (webtiles) character file.

2971 Patate the Covert (level 9, -1/46 HPs)
             Began as a Spriggan Assassin on Oct 23, 2016.
             Was a Believer of Dithmenos.
             Slain by Erolcha
             ... wielding a +0 giant spiked club
              (27 damage)
             ... on level 8 of the Dungeon.
             The game lasted 00:48:52 (13198 turns).

Patate the Covert (Spriggan Assassin)              Turns: 13198, Time: 00:48:53

Health: -1/46      AC:  4    Str:  7    XL:     9   Next: 53%
Magic:  10/10      EV: 26    Int: 12    God:    Dithmenos [**....]
Gold:   245        SH:  0    Dex: 21    Spells: 0 memorised, 8 levels left

rFire  . . .     SeeInvis +     a - +2 dagger
rCold  . . .     Gourm    .     z - +0 robe {MR+}
rNeg   . . .     Faith    .     (shield restricted)
rPois  .         Spirit   .     (helmet restricted)
rElec  .         Dismiss  .     o - +1 cloak
rCorr  +         Reflect  .     (gloves unavailable)
SustAt .         Harm     .     (boots unavailable)
MR     ++...                    (no amulet)
Stlth  ++++++++..               (no ring)
                                m - ring of resist corrosion

@: wreathed by umbra, very quick, very resistant to hostile enchantments,
extraordinarily stealthy
A: unfitting armour, see invisible, herbivore 3, speed 3, slow metabolism 2
a: Shadow Step, Renounce Religion


You were on level 8 of the Dungeon.
You worshipped Dithmenos.
Dithmenos was pleased with you.
You were hungry.

You visited 2 branches of the dungeon, and saw 9 of its levels.

You collected 352 gold pieces.
You spent 107 gold pieces at shops.

Inventory:

Hand Weapons
 a - a +2 dagger (weapon)
 b - a +0 blowgun
 w - a +0 vampiric short sword
Missiles
 e - 8 poisoned needles
Armour
 o - a +1 cloak (worn)
 s - a +1 robe of positive energy
 z - a +0 robe of magic resistance (worn)
Jewellery
 m - a ring of resist corrosion (left hand)
Wands
 v - a wand of polymorph (16/24)
 C - a wand of iceblast (5/15)
Scrolls
 f - a scroll of magic mapping
 h - 5 scrolls of remove curse
 j - 2 scrolls of enchant armour
 l - 2 scrolls of teleportation
 q - 3 scrolls of fog
 r - a scroll of fear
 y - a scroll of identify
Potions
 c - 3 potions of curing
 d - 3 potions of agility
 i - a potion of cure mutation
 k - a potion of invisibility
 p - a potion of lignification {unknown}
 t - a potion of brilliance
 u - a potion of degeneration
 x - 2 potions of haste
 D - 2 potions of berserk rage {unknown}
Comestibles
 g - 4 bread rations
 n - a royal jelly


   Skills:
 + Level 4.7 Fighting
 * Level 7.5 Short Blades
 - Level 4.1 Throwing
 + Level 8.3 Dodging
 + Level 12.6 Stealth


You had 8 spell levels left.
You didn't know any spells.

Dungeon Overview and Level Annotations

Branches:
Dungeon (8/15)             Temple (1/1) D:4
   Lair: D:8-11

Altars:
Ashenzari
Cheibriados
Dithmenos
Elyvilon
Fedhas
Gozag
Kikubaaqudgha
Makhleb
Okawaru
Pakellas
Qazlal
Ru
Sif Muna
Trog
Vehumet
Xom
Yredelemnul
Zin
The Shining One

Shops:
D:6 [

Annotations:
D:3 Patate's ghost, amateur TrFi
D:8 Erolcha


Innate Abilities, Weirdness & Mutations

You are tiny and cannot use many weapons and most armour.
You have supernaturally acute eyesight.
You are a herbivore.
You cover ground extremely quickly.
You need consume almost no food.


Message History

Erolcha barely misses you.
You hit Erolcha but do no damage.
Erolcha is moderately wounded.
You hit Erolcha.
Erolcha is moderately wounded.
Erolcha misses you.
You hit Erolcha but do no damage.
Erolcha is moderately wounded.
You hit Erolcha.
Erolcha is heavily wounded.
Erolcha points at you and mumbles some strange words.
The bolt of cold misses you.
You hear a shout!
You hit Erolcha but do no damage.
Erolcha is heavily wounded.
You completely miss Erolcha.
Erolcha is heavily wounded.
Erolcha hits you with a giant spiked club!!
Ouch! That really hurt!
You die...

#.........########.#
..........(........#
........#..........## .
..#.......#### ...#..
..#....##.#### ......
.......##((<.####......
..##########O..(.# ..#
#####O####... #.#
#@......? ### #####...#
##


You could see Erolcha.

Vanquished Creatures
  Sigmund (D:2)
  A hippogriff (D:7)
  Menkaure (D:6)
  Duvessa (D:6)
  3 ice beasts
  An ogre (D:4)
  A centaur (D:4)
  2 giant frogs
  2 elf skeletons (D:6)
  Dowan (D:6)
  2 water moccasin zombies (D:7)
  4 scorpions
  5 wights (D:7)
  5 howler monkeys
  A centaur zombie (D:7)
  A crimson imp (D:6)
  A human zombie (D:6)
  A centaur skeleton (D:4)
  2 orc priests
  A giant frog skeleton (D:5)
  2 hounds
  2 jellies
  3 iguanas
  10 worker ants
  2 orc wizards (D:6)
  A hound skeleton (D:5)
  Robin (D:3)
  2 gnolls (D:8)
  10 adders
  2 howler monkey skeletons
  3 shadow imps
  An ooze (D:1)
  6 worms
  3 dart slugs
  4 giant geckos
  18 orcs
  A ball python (D:1)
  4 bats
  4 giant cockroaches
  24 goblins
  8 hobgoblins
  3 jackals (D:4)
  6 kobolds
  7 quokkas
  A giant gecko skeleton (D:6)
  3 giant newts
  A jackal skeleton (D:4)
  A jackal zombie (D:5)
  An orc skeleton (D:6)
  2 orc zombies (D:6)
  7 rats
  A spectral orc (D:7)
181 creatures vanquished.

Notes
Turn   | Place    | Note
--------------------------------------------------------------
     0 | D:1      | Patate the Spriggan Assassin began the quest for the Orb.
     0 | D:1      | Reached XP level 1. HP: 10/10 MP: 2/2
   290 | D:1      | Reached skill level 6 in Stealth
   290 | D:1      | Reached XP level 2. HP: 9/14 MP: 3/3
   821 | D:1      | Reached XP level 3. HP: 18/18 MP: 4/4
  1573 | D:2      | Noticed Sigmund
  1586 | D:3      | Noticed Robin
  1643 | D:2      | Killed Sigmund
  1643 | D:2      | Reached skill level 7 in Stealth
  1643 | D:2      | Reached XP level 4. HP: 9/23 MP: 5/5
  1643 | D:2      | Reached XP level 5. HP: 10/26 MP: 6/6
  2384 | D:3      | Noticed Patate's ghost (amateur TrFi)
  3133 | D:3      | Reached XP level 6. HP: 28/31 MP: 7/7
  3238 | D:3      | Reached skill level 8 in Stealth
  4014 | D:4      | Found a shadowy altar of Dithmenos.
  4014 | D:4      | Found a blossoming altar of Fedhas.
  4014 | D:4      | Found a shattered altar of Ashenzari.
  4015 | D:4      | Found a bloodstained altar of Trog.
  4695 | D:4      | Found a stormy altar of Qazlal.
  4709 | D:4      | Found a sacrificial altar of Ru.
  4742 | D:4      | Became a worshipper of Dithmenos the Shadowed
  4846 | D:4      | Reached XP level 7. HP: 24/35 MP: 8/8
  5255 | D:4      | Reached skill level 9 in Stealth
  5649 | D:4      | Reached skill level 5 in Dodging
  6072 | D:4      | Found a staircase to the Ecumenical Temple.
  6078 | Temple   | Entered the Ecumenical Temple
  6407 | D:3      | Reached * piety under Dithmenos
  6558 | D:3      | Killed Robin
  6951 | D:5      | Entered Level 5 of the Dungeon
  7164 | D:5      | Found a burning altar of Makhleb.
  7254 | D:5      | Reached skill level 10 in Stealth
  7861 | D:6      | Reached XP level 8. HP: 24/40 MP: 9/9
  8045 | D:6      | Noticed Menkaure
  8121 | D:6      | Killed Menkaure
  8121 | D:6      | Reached skill level 5 in Short Blades
  8207 | D:6      | Found Zeixus's Armour Shop.
  8216 | D:6      | Bought a +0 robe of magic resistance for 107 gold pieces
  9154 | D:5      | Reached skill level 11 in Stealth
  9363 | D:6      | Noticed Duvessa
  9367 | D:6      | Noticed Dowan
  9380 | D:6      | Killed Duvessa
  9382 | D:6      | Killed Dowan
  9427 | D:6      | Found a white marble altar of Elyvilon.
  9430 | D:6      | Found a shimmering altar of Xom.
  9436 | D:6      | Found an opulent altar of Gozag.
  9916 | D:6      | Reached ** piety under Dithmenos
  9924 | D:6      | Reached skill level 12 in Stealth
 10875 | D:7      | Reached XP level 9. HP: 36/45 MP: 10/10
 12302 | D:7      | Found a basalt altar of Yredelemnul.
 12609 | D:8      | Noticed Erolcha
 13198 | D:8      | Slain by Erolcha

Skill      XL: |  1  2  3  4  5  6  7  8  9 |
---------------+----------------------------+-----
Stealth        | 6 7 8 10 12 | 12.6
Dodging        | 2 3 4 5 7 8 |  8.3
Short Blades   | 3 4 6 7 |  7.5
Fighting       | 2 3 4 |  4.7
Throwing       | 3 4 |  4.1

Action                   |  1- 3 |  4- 6 |  7- 9 || total
-------------------------+-------+-------+-------++-------
Melee: Dagger            |    91 |   140 |   624 ||   855
 Fire: Blowgun           |     7 |    40 |    86 ||   133
  Use: Scroll            |       |       |    16 ||    16
       Potion            |       |       |     3 ||     3
 Stab: Sleeping          |    10 |    15 |    32 ||    57
       Distracted        |       |     1 |     4 ||     5
       Invisible         |       |       |     1 ||     1
  Eat: Fruit             |       |     2 |     6 ||     8
       Pizza             |       |       |     1 ||     1
Armor: Robe              |     8 |     4 |    35 ||    47
Dodge: Dodged            |    74 |    80 |   481 ||   635
